[Event "Early-Titled-Tuesday-Blitz-January-23-2024"]
[Site "Chess.com"]
[Date "2024.01.23"]
[Round "1"]
[White "Matols"]
[Black "Lennis93"]
[Result "0-1"]
[WhiteElo "2385"]
[BlackElo "2694"]
[TimeControl "180+1"]
[EndTime "8:07:46 PST"]
[Termination "Lennis93 won by checkmate"]

1. d4 Nf6 2. c4 a6 3. g3 g6 4. Bg2 Bg7 5. Nc3 O-O 6. Nf3 d5 7. cxd5 Nxd5 8. O-O c5 9. e4 Nxc3 10. bxc3 cxd4 11. cxd4 Bg4 12. Be3 Nc6 13. e5 Rc8 14. h3 Be6 15. Ng5 Bd5 16. Ne4 b5 17. Nc5 Bxg2 18.
Kxg2 a5 19. Rc1 Nb4 20. Qe2 Qd5+ 21. Kh2 Nxa2 22. Ra1 Nc3 23. Qb2 Qc4 24. Rfc1 b4 25. Rxa5 Rfd8 26. Ra7 Bxe5 27. dxe5 Rxc5 28. Bxc5 Qxc5 29.
Rb7 Rd4 30. e6 fxe6 31. Ra1 Qd6 32. Ra8+ Kf7 33. Rbb8 Rd2 34. Rf8+ Kg7 35. Qc1 Qd4 36. Rg8+ Kh6 37. Raf8 g5 38. Qe1 Ne4 39. Kg2 Nf6 40. Rh8 Kg7 41. h4 Qd5+ 42. Kh2 Rxf2+ 43. Kh3 g4# 0-1

[Event "Early-Titled-Tuesday-Blitz-January-23-2024"]
[Site "Chess.com"]
[Date "2024.01.23"]
[Round "1"]
[White "ferdipy"]
[Black "ChessRespected"]
[Result "1-0"]
[WhiteElo "2306"]
[BlackElo "2608"]
[TimeControl "180+1"]
[EndTime "8:07:46 PST"]
[Termination "ferdipy won on time"]

1. e4 e5 2. Nf3 Nc6 3. Bc4 Bc5 4.
b4 Bb6 5. c3 Nf6 6. d3 d6 7. h3 a5 8. b5 Ne7 9. O-O Ng6 10. Be3 Bxe3 11. fxe3 O-O 12. Nbd2 c6 13. a4 d5 14. exd5 cxd5 15. Bb3 Qb6 16. d4 exd4 17. exd4 Re8 18. Ng5 h6 19. Ngf3 Bf5 20. Bc2 Bxc2 21. Qxc2 Nf4 22. Ne5 Rxe5 23. Rxf4 Re6 24. Nf3 Rae8 25.
Rf1 Re2 26. Qb3 Qd6 27. Ne5 R8xe5 28. dxe5 Qxe5 29. c4 dxc4 30. Qxc4 Qe3+ 31. Kh1 b6 32. R4f3 Qe7 33. Qc8+ Qe8 34. Qc7 Qe6 35. Qb8+ Kh7 36.
Qf4 Ra2 37. Re3 Qd5 38. Rg3 Qe4 39. Rxg7+ Kxg7 40. Qxf6+ Kh7 41. Qxf7+ Kh8 42. Qf8+ 1-0

[Event "Early-Titled-Tuesday-Blitz-January-23-2024"]
[Site "Chess.com"]
[Date "2024.01.23"]
[Round "1"]
[White "Zq1"]
[Black "Oleksandr_Bortnyk"]
[Result "0-1"]
[WhiteElo "2530"]
[BlackElo "3080"]
[TimeControl "180+1"]
[EndTime "8:07:47 PST"]
[Termination "Oleksandr_Bortnyk won on time"]

1. d4 d6 2. Nf3 Nf6 3. c4 g6 4. Nc3 Bf5 5. Nh4 Bc8 6. e4 Bg7 7. Nf3 O-O 8. Be2 Na6 9. O-O e5 10. Be3 Qe7 11. d5 c5 12. Ne1 Ne8 13. Nd3 f5 14. f3 f4 15. Bf2 g5 16. a3 h5 17. b4 b6 18. bxc5 bxc5 19. Rb1 Rf6 20. Kh1 Rg6 21. g3 fxg3 22. hxg3 Bh3 23. Rg1 g4 24.
Be3 Nf6 25. Nf2 gxf3 26. Bxf3 Bg4 27. Bxg4 Nxg4 28. Nxg4 Rxg4 29. Rb2 Rf8 30. Rh2 Qf7 31. Qe2 Qf3+ 32. Qxf3 Rxf3 33. Bd2 Rd3 34. Be1 Nb8 35. Rxh5 Nd7 36. Rh4 Rxh4+ 37. gxh4 Nb6 38. h5 Kh7 39. Nb5 Nxc4 40. Nxa7 Rh3+ 41. Kg2 Rxa3 42. Nc6 Re3 43. Nd8 Rxe4 44. Ne6 Bh6 45. Kf3 Re3+ 46. Kg4 Re2 47.
Bh4 Re4+ 48. Kh3 Ne3 49. Bg5 Nxd5 50. Bxh6 Kxh6 51. Rg8 Kxh5 0-1

[Event "Early-Titled-Tuesday-Blitz-January-23-2024"]
[Site "Chess.com"]
[Date "2024.01.23"]
[Round "1"]
[White "almaguerjm"]
[Black "inneremptiness"]
[Result "0-1"]
[WhiteElo "2489"]
[BlackElo "2889"]
[TimeControl "180+1"]
[EndTime "8:07:47 PST"]
[Termination "inneremptiness won by checkmate"]

1. e4 c5 2. Nf3 Nc6 3. d4 cxd4 4. Nxd4 Nf6 5. Nc3 e5 6. Ndb5 d6 7. Nd5 Nxd5 8. exd5 Nb8 9. a4 Nd7 10. Be3 a6 11. Nc3 Be7 12. g4 O-O 13. Bd3 Bg5 14. h4 Bxe3 15. fxe3 Nc5 16. Bf5 Qf6 17.
b4 Bxf5 18. gxf5 Nd7 19. Ne4 Qxf5 20. Nxd6 Qg6 21. Nc4 Qg3+ 22. Kd2 Rac8 23. Qe2 Nf6 24. Rag1 Ne4+ 25. Kd3 Qf2 26. Qg4 g6 27. Qxe4 f5 28.
Qxe5 Rxc4 29. Qe6+ Kg7 30. Kxc4 Qxc2+ 31. Kd4 Qd2+ 32. Ke5 Qxe3+ 33. Kd6 Qb6+ 34. Ke5 Re8 35. Re1 Rxe6+ 36. dxe6 Qc7+ 37. Kd5 Kf8 38. e7+ Ke8 39.
Rhf1 Qc6+ 40. Kd4 b5 41. axb5 axb5 42. Kd3 Qc4+ 43. Kd2 Qxb4+ 44. Kd1 Qb1+ 45. Kd2 Qb2+ 46. Kd1 b4 47. Rf3 b3 48. Re2 Qa1+ 49. Kd2 b2 50. Rd3 Qc1# 0-1

[Event "Early-Titled-Tuesday-Blitz-January-23-2024"]
[Site "Chess.com"]
[Date "2024.01.23"]
[Round "1"]
[White "LaPiToB"]
[Black "Adar_07"]
[Result "0-1"]
[WhiteElo "2328"]
[BlackElo "2641"]
[TimeControl "180+1"]
[EndTime "8:07:47 PST"]
[Termination "Adar_07 won by resignation"]

1. d4 Nf6 2. c4 e6 3. Nf3 Bb4+ 4.
Bd2 c5 5. dxc5 Bxc5 6. Nc3 Nc6 7.
e3 O-O 8. Bd3 d5 9. cxd5 exd5 10. O-O Bg4 11. h3 Bh5 12. Be2 Re8 13. Rc1 Rc8 14.
Nb5 Bf8 15. Bc3 a6 16. Nbd4 Ne4 17. Nxc6 Rxc6 18. Bd4 Rg6 19. Ne5 Bxe2 20. Qxe2 Rxe5 21. Bxe5 Qg5 22. f4 Qf5 23. Rf3 h5 24. Qd3 Qd7 25. Rd1 Bc5 26. Bd4 Bd6 27. Be5 Bxe5 28. fxe5 Ng5 29. Rf5 Nxh3+ 30. Kh2 Ng5 31. e4 Qa4 32. Qxd5 Ne6 33. Rd2 Qb4 34. Rxh5 Rxg2+ 35. Kxg2 Nf4+ 36. Kf3 Nxd5 37. Rxd5 g6 38. Rh2 Qe1 39. Rhd2 Qf1+ 40. Ke3 Qe1+ 41. Kd3 g5 42. e6 Qg3+ 43. Kc4 fxe6 44.
Rd7 Qe3 45. R2d4 Qe2+ 46. Kc5 Qxb2 47. Rc7 Qb5+ 48. Kd6 Qb6+ 49. Kd7 Qxd4+ 50. Kc8 Qxe4 51. Rxb7 Qxb7+ 52. Kxb7 g4 0-1

[Event "Early-Titled-Tuesday-Blitz-January-23-2024"]
[Site "Chess.com"]
[Date "2024.01.23"]
[Round "1"]
[White "IsaqueGoncalvesSanto"]
[Black "Ural_bogatyr"]
[Result "0-1"]
[WhiteElo "1794"]
[BlackElo "2542"]
[TimeControl "180+1"]
[EndTime "8:07:47 PST"]
[Termination "Ural_bogatyr won on time"]

1. d4 Nf6 2. c4 e6 3. Nc3 d5 4.
Bg5 Be7 5. e3 O-O 6. cxd5 exd5 7. Bd3 c6 8. h3 Re8 9. Nf3 Nbd7 10. O-O Nf8 11. Rb1 a5 12. a3 h6 13. Bh4 b5 14.
Ne5 Bb7 15. Qe2 N8d7 16. f4 Qb6 17. g4 Ba6 18. g5 Nxe5 19. fxe5 Nd7 20. Qf2 Rf8 21.
gxh6 Qd8 22. Qg3 g5 23. Qg4 f5 24. exf6 Bxf6 25. Qe6+ Kh8 26. Bg3 Qe7 27. Qxe7 Bxe7 28.
Rxf8+ Rxf8 29. Rf1 Rxf1+ 30. Kxf1 Bf8 31. Bf5 Bc8 32. h4 Bxh6 33. hxg5 Bxg5 34. Ke2 Kg7 35. Nd1 Kf6 36. Bh3 Ke7 37. Nf2 b4 38. axb4 axb4 39. Bc7 Ba6+ 40. Kd2 c5 41. dxc5 Nxc5 42. Bb6 Kd6 43.
Ba5 d4 44. Bxb4 dxe3+ 45. Kc3 exf2 46. Kd4 Bf6+ 47. Ke3 f1=Q 48. Bxf1 Bxf1 49. Ba3 Kc6 50. Kf4 Bd3 51. Ke3 Bg6 52. b4 Ne6 53. Kd2 Kb5 54.
Ke3 Bd4+ 55. Kf3 Nc7 56. Kg4 Bc2 57. Kg5 Nd5 58. Bc1 Kxb4 0-1

[Event "Early-Titled-Tuesday-Blitz-January-23-2024"]
[Site "Chess.com"]
[Date "2024.01.23"]
[Round "1"]
[White "twofoxniel"]
[Black "giomar27"]
[Result "1-0"]
[WhiteElo "2689"]
[BlackElo "2378"]
[TimeControl "180+1"]
[EndTime "8:07:48 PST"]
[Termination "twofoxniel won on time"]

1. e4 g6 2. d4 Bg7 3. c3 d6 4.
Nf3 a6 5. Bc4 e6 6. Qe2 Ne7 7.
a4 O-O 8. O-O b6 9. Re1 Bb7 10.
Nbd2 Nd7 11. Nf1 h6 12. Ng3 c5 13. Be3 cxd4 14. cxd4 d5 15. Bd3 dxe4 16. Nxe4 Nf5 17.
Rad1 Nf6 18. Nc3 Nd5 19. Nxd5 Qxd5 20. Bc4 Qe4 21. Qd2 g5 22. Bxg5 Qg4 23. h3 Qh5 24. Bf4 Bxf3 25. gxf3 Nxd4 26. Qe3 Nxf3+ 27. Kg2 Nxe1+ 28.
Rxe1 b5 29. axb5 axb5 30. Bd3 Rfd8 31. Be4 Ra4 32. Qg3 Kh8 33. Bf3 Qg6 34. Bg4 h5 35.
Bc7 Rd3 36. Bf3 Qxg3+ 37. Bxg3 Bxb2 38. Bxh5 Bf6 39. Bxf7 b4 40. Rxe6 Kg7 41. Be8 Ra2 42. Rb6 Rb2 43. Rb7+ Kf8 44. Bg6 Bd4 45. Bxd3 1-0

[Event "Early-Titled-Tuesday-Blitz-January-23-2024"]
[Site "Chess.com"]
[Date "2024.01.23"]
[Round "1"]
[White "GoltsevDmitry2000"]
[Black "viniciusrego"]
[Result "1-0"]
[WhiteElo "2835"]
[BlackElo "2454"]
[TimeControl "180+1"]
[EndTime "8:07:49 PST"]
[Termination "GoltsevDmitry2000 won by resignation"]

1. e4 c5 2. Nf3 d6 3. d4 cxd4 4.
Nxd4 Nf6 5. Nc3 g6 6. f4 Bg7 7. e5 Nh5 8. g4 Nxf4 9. Bxf4 dxe5 10. Bb5+ Bd7 11. Bxd7+ Qxd7 12. Ndb5 exf4 13. Qxd7+ Kxd7 14. O-O-O+ Kc8 15. Rhe1 Bxc3 16. Rxe7 Ba5 17. Nd6+ Kd8 18. Rxb7 Nc6 19. Rxf7 Re8 20. Nxe8+ Kxe8 21. Rxh7 Rd8 22. Rf1 Bd2+ 23. Kb1 Be3 24. c3 Rd2 25. h4 a5 26. h5 gxh5 27. gxh5 Ne5 28. Rb7 Rh2 29. Rb5 Nc4 30. Rd1 f3 31. Rf5 f2 32. Ka1 a4 33.
b3 axb3 34. axb3 Nd2 35. Re5+ Kf7 36. Rxe3 f1=Q 37. Rxf1+ Nxf1 38. Rf3+ Kg7 39. Rxf1 Rxh5 40. Kb2 Kg6 41. Rd1 Rh8 42. c4 Kf7 43. Kc3 Ke7 44. b4 Rh1 45. Rxh1 1-0

[Event "Early-Titled-Tuesday-Blitz-January-23-2024"]
[Site "Chess.com"]
[Date "2024.01.23"]
[Round "1"]
[White "FLYD"]
[Black "NovoselovRoman"]
[Result "1-0"]
[WhiteElo "2087"]
[BlackElo "2540"]
[TimeControl "180+1"]
[EndTime "8:07:49 PST"]
[Termination "FLYD won on time"]

1. e4 e6 2. d4 d5 3. Nc3 Nf6 4. e5 Nfd7 5. Qg4 c5 6. Nb5 cxd4 7. f4 Nc6 8. Nf3 h5 9. Qg3 g6 10. Nbxd4 Be7 11. Nxe6 fxe6 12. Qxg6+ Kf8 13. f5 Ndxe5 14. Bh6+ Rxh6 15. Qxh6+ Ke8 16. Nxe5 Nxe5 17. Qh8+ Kf7 18. Qxe5 Bf6 19. fxe6+ Bxe6 20. Qxh5+ Ke7 21. Qh7+ Kd6 22.
O-O-O Qb6 23. c3 Rf8 24. Bd3 Bg5+ 25. Kb1 Rf2 26. Bc2 Bf5 27. Qxf5 Rxf5 28. Bxf5 Bf6 29. Rd3 Qf2 30. g4 d4 31. h3 Ke7 32. c4 a6 33. a3 Qg2 34. Re1+ Kf7 35. Ka2 Qc6 36. Ka1 Kg7 37. Be6 Qg2 38. Bd5 Qc2 39.
Red1 b5 40. cxb5 axb5 41. Bb3 Qg2 42. Ka2 Qa8 43. g5 Bxg5 44. Rxd4 Bf6 45. Rd7+ Kg6 46. Bc2+ Kh6 47. Rg1 1-0

[Event "Early-Titled-Tuesday-Blitz-January-23-2024"]
[Site "Chess.com"]
[Date "2024.01.23"]
[Round "1"]
[White "verrbaa"]
[Black "Bauman_Guy"]
[Result "0-1"]
[WhiteElo "2491"]
[BlackElo "2892"]
[TimeControl "180+1"]
[EndTime "8:07:50 PST"]
[Termination "Bauman_Guy won on time"]

1. e4 c5 2. Nf3 d6 3. d4 Nf6 4.
Nc3 cxd4 5. Nxd4 a6 6. Bd3 e5 7. Nde2 Be7 8. Ng3 O-O 9. O-O b5 10. Bg5 h6 11. Bxf6 Bxf6 12. a4 b4 13. Nd5 a5 14. c3 bxc3 15. bxc3 Be6 16. Bc4 Nd7 17. Qe2 Rc8 18. Rab1 Nc5 19. Bb5 Bxd5 20. exd5 g6 21.
c4 Rb8 22. Ne4 Nxe4 23. Qxe4 Kg7 24. g3 Qc7 25. Kg2 Be7 26. f4 f5 27. Qe3 e4 28.
Rbc1 Rfc8 29. Rfd1 Qc5 30. Qxc5 Rxc5 31. Kf2 g5 32. Ke3 h5 33. Rf1 Kg6 34. Rcd1 Rh8 35. Rg1 Bf6 36. Ke2 h4 37. fxg5 Bxg5 38. Rg2 hxg3 39.
hxg3 Kf6 40. Rf1 Ke5 41. Rgf2 Rf8 42. Rh2 Rc7 43. Rh5 Rg7 44. Bd7 Rxd7 45. Rxg5 Kd4 46.
Rfxf5 Rb8 47. Rf1 Rb2+ 48. Kd1 Rdb7 0-1

[Event "Early-Titled-Tuesday-Blitz-January-23-2024"]
[Site "Chess.com"]
[Date "2024.01.23"]
[Round "1"]
[White "ChessQueen"]
[Black "Slovineanu"]
[Result "1-0"]
[WhiteElo "2726"]
[BlackElo "2412"]
[TimeControl "180+1"]
[EndTime "8:07:50 PST"]
[Termination "ChessQueen won on time"]

1. d4 Nf6 2. c4 e6 3. Nc3 d5 4. cxd5 Nxd5 5. e4 Nxc3 6. bxc3 c5 7. Rb1 cxd4 8. cxd4 Be7 9. Bd3 Nc6 10. Ne2 O-O 11. e5 Bb4+ 12. Rxb4 Nxb4 13. Bb1 Nd5 14. Qd3 f5 15.
exf6 Nxf6 16. O-O Bd7 17. Bg5 h6 18. Bh4 Bc6 19. Qh3 Qd7 20. Nf4 Rae8 21. Ng6 Qxd4 22. Nxf8 Kxf8 23. Re1 Qg4 24. Qxg4 Nxg4 25. f3 g5 26. Bg3 Nf6 27. Bf2 b6 28. h4 Bd5 29.
hxg5 hxg5 30. Re5 g4 31. Bh4 Kf7 32. Rg5 Rg8 33. Rxg8 Nxg8 34. fxg4 Ne7 35. Kf2 b5 36. Bg3 b4 37. Be5 a5 38. Bd6 b3 39. axb3 Bxb3 40.
g5 a4 41. g4 Bd5 42. Kg3 Bb3 43.
Kh4 Bd5 44. Kh5 Ke8 45. g6 Kd7 46. Ba3 Ng8 47. Kg5 e5 48. Bf5+ Kc6 49. g7 e4 50.
Kf4 Kb5 51. Bxe4 Bxe4 52. Kxe4 Kc4 53. Kf5 Kb3 54. Bd6 a3 55. Be5 a2 56. g5 1-0

[Event "Early-Titled-Tuesday-Blitz-January-23-2024"]
[Site "Chess.com"]
[Date "2024.01.23"]
[Round "1"]
[White "UK_23"]
[Black "Vazabanga"]
[Result "1-0"]
[WhiteElo "2394"]
[BlackElo "2677"]
[TimeControl "180+1"]
[EndTime "8:07:50 PST"]
[Termination "UK_23 won on time"]

1. e4 c5 2. Nf3 d6 3. d4 cxd4 4.
Qxd4 a6 5. Be2 Nc6 6. Qe3 g6 7. O-O Bg7 8. Rd1 Bg4 9. c4 Bxf3 10. Bxf3 Nf6 11. Nc3 Nd7 12. b3 O-O 13. Bb2 Rb8 14.
Be2 Nc5 15. Rac1 Ne6 16. Bf1 Qa5 17. Rd5 Qc7 18. Rdd1 Qa5 19. Rd5 Qd8 20. Rdd1 Re8 21. Qd2 h5 22. Nd5 Ned4 23. Bc3 e6 24. Ne3 Qh4 25. Qd3 Rbd8 26. Kh1 Qxf2 27. Be1 Qf6 28. Bg3 h4 29. Be1 h3 30. gxh3 Qg5 31. Bg2 Be5 32. Ng4 Bf4 33. Bd2 e5 34. Bxf4 exf4 35.
Qf1 Ne6 36. Rd5 Ne5 37. Nxe5 dxe5 38. Rcd1 Nd4 39. R1xd4 Rxd5 40. Rxd5 Qe7 41. Qd3 Qa3 42. Qd2 Kg7 43. Bf3 Re7 44. Kg2 Rc7 45. Rxe5 b5 46.
Be2 bxc4 47. Bxc4 Qf8 48. Qxf4 Qd6 49. Kg3 Rd7 50. Rd5 1-0

[Event "Early-Titled-Tuesday-Blitz-January-23-2024"]
[Site "Chess.com"]
[Date "2024.01.23"]
[Round "1"]
[White "Kunalm64"]
[Black "Doomfist26"]
[Result "0-1"]
[WhiteElo "2191"]
[BlackElo "2604"]
[TimeControl "180+1"]
[EndTime "8:07:50 PST"]
[Termination "Doomfist26 won on time"]

1. e4 c5 2. Nf3 d6 3. Bb5+ Nd7 4. d4 cxd4 5. Qxd4 a6 6. Bxd7+ Bxd7 7. c4 Nf6 8. Bg5 e6 9. Nc3 Be7 10. O-O O-O 11.
Rfd1 Bc6 12. Rac1 Qa5 13. h3 h6 14. Bh4 Rfd8 15. Qe3 Rac8 16. Nd4 Qc5 17. b3 Re8 18. Nxc6 Qxc6 19. a4 Rcd8 20. Rd3 Nd7 21. Bxe7 Rxe7 22.
Ne2 Nc5 23. Rd4 Qb6 24. Rc3 Qb4 25. Ng3 Rc7 26. e5 Rcd7 27. Rg4 Kf8 28. Nh5 dxe5 29. Nxg7 Rd1+ 30. Kh2 Nd3 31. Qxh6 Qxc3 32. Nxe6+ Ke7 33. Nxd8 Qc1 34. Qxc1 Rxc1 35. Nxb7 Nxf2 36. Rg5 Rh1+ 37.
Kg3 Ne4+ 38. Kh4 Nxg5 39. Kxg5 Rf1 40. Nc5 a5 41. Nb7 e4 42. Nxa5 Kd6 43. b4 e3 44.
c5+ Kd5 45. c6 e2 46. c7 Rc1 0-1

[Event "Early-Titled-Tuesday-Blitz-January-23-2024"]
[Site "Chess.com"]
[Date "2024.01.23"]
[Round "1"]
[White "Casper"]
[Black "shimastream"]
[Result "1-0"]
[WhiteElo "2542"]
[BlackElo "3016"]
[TimeControl "180+1"]
[EndTime "8:07:52 PST"]
[Termination "Casper won by checkmate"]

1. Nf3 Nf6 2. b3 g6 3. Bb2 Bg7 4. g3 O-O 5. Bg2 d6 6. O-O e5 7.
c4 c5 8. d3 Nc6 9. a3 h6 10. e3 Bf5 11. d4 e4 12. Nfd2 Re8 13.
f3 exf3 14. Qxf3 Ng4 15. e4 Nxd4 16. Bxd4 Bxd4+ 17. Kh1 Ne5 18. Qf4 Be6 19. Ra2 Qg5 20. Nf3 Qxf4 21. gxf4 Nxf3 22. Bxf3 Bd7 23. Rg2 Bc6 24.
Nd2 Be3 25. f5 g5 26. Rd1 Re5 27. h4 Rae8 28. Nf1 Bf4 29. Rxd6 Bxe4 30. Bxe4 Rxe4 31. Rxh6 Re1 32. Rg1 Kg7 33. hxg5 Bxg5 34. Rh3 f6 35. Rd3 Rh8+ 36. Kg2 Re2+ 37. Kf3 Rhe8 38. Rd7+ R8e7 39. Rxe7+ Rxe7 40. Ng3 Re3+ 41. Kg4 Rxb3 42. Ne4 Be3 43. Rd1 Bd4 44. Rh1 Rxa3 45. Nd6 Rb3 46. Ne8+ Kf8 47.
Nc7 Ke7 48. Rh7+ Kd6 49. Nb5+ Ke5 50. Re7# 1-0

[Event "Early-Titled-Tuesday-Blitz-January-23-2024"]
[Site "Chess.com"]
[Date "2024.01.23"]
[Round "1"]
[White "19912131712118"]
[Black "Sychev_Klementy"]
[Result "0-1"]
[WhiteElo "2433"]
[BlackElo "2773"]
[TimeControl "180+1"]
[EndTime "8:07:53 PST"]
[Termination "Sychev_Klementy won on time"]

1. e4 e5 2. Nf3 Nc6 3. Bc4 Nf6 4. d3 Bc5 5. O-O O-O 6. c3 d5 7. exd5 Nxd5 8. Re1 Bg4 9. h3 Bh5 10. Nbd2 Nb6 11. Bb3 Kh8 12. Bc2 f5 13. Nf1 a5 14.
Ng3 Bxf3 15. Qxf3 Qd6 16. Be3 Bxe3 17. fxe3 Rae8 18. e4 fxe4 19. Qxe4 Nd7 20. Rf1 Nf6 21. Qh4 Ne7 22. Rae1 Ng6 23. Qg5 Qb6+ 24. Kh1 Qxb2 25. Bb3 Qxc3 26. Re3 b5 27. Ref3 a4 28. Bd1 Qb2 29.
Nf5 Re6 30. R3f2 Qb4 31. Bf3 Ng8 32. Bd5 Ref6 33. Be4 R8f7 34. h4 Nf8 35. h5 h6 36.
Qg3 Ne6 37. Qxe5 Ng5 38. Qe8 Rf8 39. Qd7 R6f7 40. Qc6 Nf6 41. Nh4 Kg8 42. Ng6 Rd8 43. Bf5 Qd6 44. Qxb5 Nd5 45. Qc4 c6 46. Qg4 Ne3 0-1

[Event "Early-Titled-Tuesday-Blitz-January-23-2024"]
[Site "Chess.com"]
[Date "2024.01.23"]
[Round "1"]
[White "GeorgiosSouleidis"]
[Black "topce"]
[Result "0-1"]
[WhiteElo "2659"]
[BlackElo "2378"]
[TimeControl "180+1"]
[EndTime "8:07:53 PST"]
[Termination "topce won on time"]

1. e4 c5 2. Be2 Nc6 3. d3 e6 4. f4 Nge7 5. Nf3 d5 6. O-O b6 7. c3 Bb7 8. Na3 Qd7 9. Nc2 f5 10.
e5 d4 11. c4 Ng6 12. Bd2 Be7 13. Rb1 a5 14. b3 O-O 15. a3 Nd8 16. b4 a4 17. bxc5 bxc5 18. g3 Qc6 19. Nce1 Nf7 20.
Ng2 Nh6 21. Nfe1 Qc7 22. h3 Rfb8 23. Kh2 Bc6 24. Bf3 Bd8 25. Bxc6 Qxc6 26. Nf3 Bc7 27. Ng5 Nf7 28. Nxf7 Kxf7 29. Qh5 Kg8 30. g4 Rb3 31.
gxf5 exf5 32. Rxb3 axb3 33. Qxf5 Qxg2+ 34. Kxg2 Nh4+ 35.
Kg3 Nxf5+ 36. Kg4 g6 37. Rb1 Rxa3 38. Bc1 Ra2 39. Rxb3 Rg2+ 40. Kf3 Rg3+ 41. Ke4 Ba5 42. Rb7 Rg1 43. Ba3 Re1+ 44. Kd5 Bb4 45. Bxb4 cxb4 46. Rxb4 Re3 47. Rb8+ Kg7 48. Rb7+ Kh6 49. e6 Rxd3 50. c5 Re3 51. c6 d3 52. c7 d2 53. Rb1 Re1 0-1

[Event "Early-Titled-Tuesday-Blitz-January-23-2024"]
[Site "Chess.com"]
[Date "2024.01.23"]
[Round "1"]
[White "Polish_fighter3000"]
[Black "NLLO777"]
[Result "1-0"]
[WhiteElo "3098"]
[BlackElo "2534"]
[TimeControl "180+1"]
[EndTime "8:07:54 PST"]
[Termination "Polish_fighter3000 won by resignation"]

1. b4 Nf6 2. Bb2 e6 3. a3 d5 4. e3 Be7 5. Nf3 O-O 6. c4 b6 7.
Qc2 Bb7 8. cxd5 Nxd5 9. Bd3 h6 10. Bh7+ Kh8 11. Be4 Nd7 12. d4 Rc8 13. O-O N7f6 14. Bd3 c5 15. dxc5 bxc5 16. b5 c4 17. Be2 Qa5 18. Nd4 c3 19. Bc1 Rfd8 20. Nb3 Qa4 21. f3 Bc5 22. Nd4 Qxc2 23. Nxc2 Kg8 24. Kh1 Bb6 25.
e4 Ne7 26. a4 Ng6 27. a5 Bc5 28. Ra4 Bd6 29. a6 Ba8 30. g3 Ne5 31. Rd1 g5 32. Rad4 Be7 33. Ba3 Rxd4 34. Rxd4 Bxa3 35. Nbxa3 g4 36.
f4 Nxe4 37. Kg1 Nf3+ 38. Bxf3 gxf3 39. Ne3 f6 40. Nac2 e5 41. Rd7 exf4 42. gxf4 Nd2 43. Rxa7 Be4 44. b6 Rd8 45. b7 Bxc2 46. Nxc2 Ne4 47. Ra8 Kg7 48. Rxd8 1-0

[Event "Early-Titled-Tuesday-Blitz-January-23-2024"]
[Site "Chess.com"]
[Date "2024.01.23"]
[Round "1"]
[White "LeoLV10"]
[Black "bangchess21"]
[Result "0-1"]
[WhiteElo "2437"]
[BlackElo "2782"]
[TimeControl "180+1"]
[EndTime "8:07:54 PST"]
[Termination "bangchess21 won by resignation"]

1. e4 a6 2. d4 c6 3. Bd3 d5 4.
e5 c5 5. c3 Nc6 6. Ne2 Bg4 7.
f3 Bh5 8. O-O e6 9. Kh1 Bg6 10.
f4 Nh6 11. dxc5 Bxc5 12. b4 Bb6 13. a4 Ng4 14. f5 exf5 15. Bf4 Nf2+ 16. Rxf2 Bxf2 17.
Nd2 O-O 18. Nf3 Re8 19. Qc2 Rc8 20. Rb1 Qd7 21. b5 axb5 22. axb5 Nd8 23. Ned4 Bxd4 24. Nxd4 Ne6 25. Nxe6 fxe6 26. Be3 f4 27. Bxg6 hxg6 28. Bd4 Qf7 29. Rf1 Rc4 30. Qd2 g5 31. g3 Qh5 32. gxf4 Rf8 33. f5 Rxf5 34. Rxf5 exf5 35. e6 Qf3+ 36. Kg1 Qe4 37. Qxg5 Qg4+ 38. Qxg4 fxg4 39.
Kg2 Rc7 40. Kg3 Re7 41. Kxg4 Rxe6 42. b6 Kf7 43. h4 Re4+ 44. Kg5 g6 45. h5 gxh5 46.
Kxh5 Ke6 47. Kg5 Re1 48. Kf4 Kd6 49. Kf3 Kc6 50. Kf2 Re4 51. Kf3 Kb5 52. Bf2 Kc4 53.
Bg1 0-1

[Event "Early-Titled-Tuesday-Blitz-January-23-2024"]
[Site "Chess.com"]
[Date "2024.01.23"]
[Round "1"]
[White "SirStrateg"]
[Black "Witty_Alien"]
[Result "0-1"]
[WhiteElo "2621"]
[BlackElo "2335"]
[TimeControl "180+1"]
[EndTime "8:07:54 PST"]
[Termination "Witty_Alien won by resignation"]

1. d4 e5 2. dxe5 d6 3. Nf3 Nc6 4. exd6 Bxd6 5. Bg5 Nf6 6. Nbd2 h6 7. Bh4 g5 8. Bg3 Ng4 9. Ne4 Bb4+ 10. c3 Qe7 11.
Qd3 f5 12. Ned2 Be6 13. h3 Nf6 14. Ne5 Rd8 15. Nxc6 bxc6 16. Qc2 f4 17. Bh2 Bc5 18.
Bg1 Nd5 19. Nb3 Nb4 20. Qe4 Bxb3 21. Qxe7+ Kxe7 22. e4 Nc2+ 23. Ke2 Nxa1 24. axb3 Nxb3 25. Kf3 h5 26. Ba6 Nd2+ 27. Ke2 Nxe4 28. Bd3 Rxd3 29. Kxd3 Nxf2+ 30. Bxf2 Bxf2 31. Ra1 Be3 32. Ra5 g4 33. Rg5 gxh3 34. gxh3 Kf6 35. Rg1 Rd8+ 36. Ke4 Re8+ 37. Kf3 Rb8 38. Rg2 Rb5 39. Ke4 Re5+ 40. Kf3 Rd5 41.
Rg8 Rd2 42. Rf8+ Ke5 43. Re8+ Kf5 44. Rf8+ Kg5 45. Rg8+ Kh4 46. Rg6 Rf2+ 47. Ke4 Rxb2 48. Rxc6 Kxh3 49. Rxc7 h4 50. Kf3 Rf2+ 51. Ke4 Kg2 52.
Rg7+ Kf1 53. c4 h3 54. Rh7 h2 55. c5 Bxc5 56. Kd5 Be3 0-1

[Event "Early-Titled-Tuesday-Blitz-January-23-2024"]
[Site "Chess.com"]
[Date "2024.01.23"]
[Round "1"]
[White "LiadCuba"]
[Black "Yaacovn"]
[Result "1/2-1/2"]
[WhiteElo "2448"]
[BlackElo "2781"]
[TimeControl "180+1"]
[EndTime "8:07:55 PST"]
[Termination "Game drawn by stalemate"]

1. d4 Nf6 2. c4 e5 3. dxe5 Ne4 4.
Nd2 Bb4 5. a3 Bxd2+ 6. Bxd2 Nc6 7. Nf3 Nxd2 8. Qxd2 O-O 9. e3 Qe7 10. Qc3 Re8 11. Be2 Nxe5 12. Nxe5 Qxe5 13. Qxe5 Rxe5 14. O-O d6 15. Rac1 Bd7 16. Rfd1 Bc6 17. Rd4 a5 18. Rc3 a4 19. f4 Re7 20. Kf2 b6 21. Bf3 Bxf3 22.
gxf3 g6 23. e4 f6 24. h4 Kf7 25. Rc1 Ra5 26. Rh1 h6 27. Rd5 Rc5 28. Rxc5 bxc5 29. h5 g5 30. Ke3 Re8 31. fxg5 fxg5 32. f4 gxf4+ 33. Kxf4 Rb8 34. Rh2 Rb3 35. e5 Rd3 36.
exd6 cxd6 37. Kf5 Rd4 38. Rg2 Rh4 39. Rf2 Rxc4 40. Rd2 Ke7 41. Rg2 Kf7 42. Rg6 Rd4 43.
Rxh6 Rd5+ 44. Ke4 Rd2 45. Kf5 Rf2+ 46. Ke4 Ke7 47. Kd5 Rd2+ 48. Kc6 Rxb2 49. Rxd6 c4 50. h6 c3 51. Rd3 c2 52. Rc3 Kf7 53. Kd5 Kg6 54. Kd4 Kxh6 55. Kd3 Kg5 56. Rxc2 Rxc2 57. Kxc2 Kf6 58. Kc3 Ke7 59. Kb4 Kd8 60. Kxa4 Kc8 61. Kb5 Kb8 62. Ka6 Ka8 63. a4 Kb8 64. a5 Ka8 65.
Kb6 Kb8 66. a6 Ka8 67. a7 1/2-1/2

[Event "Early-Titled-Tuesday-Blitz-January-23-2024"]
[Site "Chess.com"]
[Date "2024.01.23"]
[Round "1"]
[White "EvgenyBurmakin"]
[Black "dozer80"]
[Result "1-0"]
[WhiteElo "2437"]
[BlackElo "2726"]
[TimeControl "180+1"]
[EndTime "8:07:55 PST"]
[Termination "EvgenyBurmakin won by resignation"]

1. e4 c5 2. Nc3 a6 3. Nf3 e6 4. d4 cxd4 5. Nxd4 g6 6. Be3 Bg7 7. Qd2 b5 8. a3 Bb7 9. O-O-O Nc6 10. h4 h6 11. f4 Nf6 12. e5 Ng4 13. Bg1 h5 14. Be2 Nh6 15. Bf3 Rc8 16. Nb3 Na5 17.
Nxa5 Bxf3 18. gxf3 O-O 19. Nb7 Qc7 20. Qxd7 Qc4 21.
Qd4 Qc6 22. Qe4 Qc7 23. Nc5 Nf5 24. Bf2 Qb6 25. Nd3 Qb8 26. Nb4 a5 27. Na6 Qa8 28. Qxa8 Rxa8 29. Nc7 Rab8 30. Ne4 Rfc8 31. Na6 Ra8 32.
Nac5 Bh6 33. Ng5 Rc6 34. Nce4 Rac8 35. Rd2 b4 36. axb4 axb4 37. b3 Ra6 38. Kb2 Rca8 39. Rb1 Ne7 40. Bc5 Nd5 41. Nf6+ Nxf6 42. exf6 Rc6 43. Bxb4 Rb8 44. Be7 Bxg5 45. fxg5 1-0

[Event "Early-Titled-Tuesday-Blitz-January-23-2024"]
[Site "Chess.com"]
[Date "2024.01.23"]
[Round "1"]
[White "KVAIDAN"]
[Black "sonicdravise"]
[Result "1-0"]
[WhiteElo "2366"]
[BlackElo "2648"]
[TimeControl "180+1"]
[EndTime "8:07:55 PST"]
[Termination "KVAIDAN won by checkmate"]

1. f4 c5 2. Nf3 Nc6 3. d3 g6 4. e4 Bg7 5. Be2 e6 6. O-O Nge7 7. Qe1 O-O 8. Nc3 d5 9. Qg3 Nd4 10. Bd1 Nec6 11. Ne2 Nxf3+ 12. Qxf3 dxe4 13. dxe4 b6 14. c3 Bb7 15. Qg3 f5 16. Bb3 Qf6 17. exf5 gxf5 18. Qe3 Rae8 19. Ng3 Qg6 20. Qe2 Kh8 21. Nh5 Bh6 22.
Ba4 Rg8 23. Ng3 Bg7 24. Be3 Re7 25. Rad1 Na5 26. Rd6 Bf6 27. b4 cxb4 28. cxb4 h5 29.
Rf2 h4 30. Qh5+ Rh7 31. Qxg6 Rxg6 32. bxa5 hxg3 33. hxg3 Rxg3 34. Bd4 Bxd4 35. Rxd4 bxa5 36. Rd8+ Kg7 37. Rc2 Kh6 38. Re8 Bd5 39. Bc6 Rhg7 40. Bxd5 exd5 41. Kh2 R3g4 42. Re6+ R7g6 43. Rxg6+ Kxg6 44.
g3 Kf6 45. Rc5 Ke6 46. Rxa5 Rg7 47. Ra6+ Ke7 48. Rxa7+ Kf6 49. Rxg7 Kxg7 50. Kg2 Kf6 51. Kf2 Ke6 52. Ke3 Kd6 53. Kd4 Kc6 54. a4 Kd6 55. a5 Kc6 56. a6 Kb6 57. Kxd5 Kxa6 58.
Ke5 Kb6 59. Kxf5 Kc6 60. Ke6 Kc7 61. Ke7 Kc6 62. f5 Kc5 63. f6 Kd4 64. f7 Ke3 65.
f8=Q Kd3 66. g4 Kc3 67. g5 Kc4 68. g6 Kc5 69. g7 Kb6 70. g8=Q Kb5 71. Qb3+ Ka5 72.
Qa8# 1-0